 Dungeon Sprint DCSS version 0.29-a0-222-g5b244fca1f (webtiles) character file.

Game seed: 9465704005722901645

350 NotAphid the Gouger (level 6, -3/31 HPs)
             Began as a Felid Warper on Feb 27, 2022.
             Was an Initiate of Dithmenos.
             Slain by a slime creature (12 damage)
             ... in the Dungeon (Sprint I: "Red Sonja").
             The game lasted 00:02:09 (218 turns).

NotAphid the Gouger (Felid Warper)                   Turns: 218, Time: 00:02:09

Health: -3/31      AC:  2    Str:  7    XL:     6   Next: 33%
Magic:  10/10      EV: 23    Int: 14    God:    Dithmenos [......]
Gold:   594        SH:  0    Dex: 18    Spells: 9/9 levels left
                                        Lives:  0   Deaths: 1

rFire   . . .      SeeInvis +     - Unarmed
rCold   . . .      Faith    .   (shield unavailable)
rNeg    . . .      Spirit   .   (body armour unavailable)
rPois   .          Reflect  .   (helmet unavailable)
rElec   .          Harm     .   (cloak unavailable)
rCorr   .          Rampage  .   (gloves unavailable)
Will    .....      NoTele   +   (boots unavailable)
Stlth   +++++.....              (no amulet)
HPRegen 0.10/turn               (no ring)
MPRegen 0.12/turn               (no ring)

@: quick
A: very small, claws 1, fangs 3, see invisible, speed 1, shaggy fur 2, stealthy
paws, no weapons or thrown items, no armour, multi-lived
a: Renounce Religion


You were in the Dungeon.
You worshipped Dithmenos.
Dithmenos was noncommittal.
You visited 1 branch You collected 594 gold pieces.

Inventory:

Wands
 g - a wand of polymorph (3)
Scrolls
 a - 2 scrolls of blinking
 h - a scroll of identify {unknown}
 i - a scroll of fear {unknown}
Potions
 b - 3 potions of curing
 c - a potion of heal wounds
 d - a potion of haste
 e - 3 potions of magic
 f - a potion of berserk rage


   Skills:
 - Level 6.6 Fighting
 - Level 8.9 Dodging
 * Level 9.9 Stealth
 + Level 10.4 Unarmed Combat
 - Level 2.0 Spellcasting
 - Level 4.4 Translocations


You had 9 spell levels left.
You didn't know any spells.
Your spell library contained the following spells:

 Spells                   Type           Power      Damage    Failure   Level
 Blink                    Tloc           26%        N/A       6%          2
 Gell's Gravitas          Tloc           13%        N/A       12%         3
 Lesser Beckoning         Tloc           13%        N/A       12%         3
 Teleport Other           Tloc           13%        N/A       12%         3
 Manifold Assault         Tloc           13%        N/A       73%         5


Dungeon Overview and Level Annotations

Branches:
Dungeon (1/1)

Altars:
Cheibriados
Dithmenos
Elyvilon
Fedhas
Gozag
Hepliaklqana
Kikubaaqudgha
Makhleb
Nemelex Xobeh
Okawaru
Qazlal
Ru
Sif Muna
Trog
Uskayaw
Vehumet
Wu Jian
Xom
Yredelemnul
Zin
The Shining One
Jiyva
Lugonu

Shops:
D (


Innate Abilities, Weirdness & Mutations

You have sharp claws.
You have razor-sharp teeth.
You have supernaturally acute eyesight. (SInv)
You cover ground quickly. (Speed+)
You are covered in thick fur. (AC +2)
Your paws help you pounce on unaware monsters.
You are incapable of wielding weapons or throwing items.
You cannot wear armour.
You gain extra lives every three experience levels.


Message History

You bump into the stone wall.
You bump into the stone wall.
You feel less confused.
Things that are here:
a +0 short sword of venom; 5 curare-tipped darts
Found 54 gold pieces.
There is an open door here.
Found 54 gold pieces.
b - a potion of curing You now have 432 gold pieces (gained 27).
You now have 459 gold pieces (gained 27).
You now have 486 gold pieces (gained 27).
h - a scroll labelled CEN WYRIU You see here a +0 spear.
i - a scroll labelled YGOAMU KOSIOS You now have 513 gold pieces (gained 27).
You now have 540 gold pieces (gained 27).
You now have 567 gold pieces (gained 27).
b - 3 potions of curing (gained 2)
You now have 594 gold pieces (gained 27).
Okay, then.
There is an open door here.
Things that are here:
a +0 short sword of venom; 5 curare-tipped darts
There is an open door, spattered with blood here.
You see here the felid corpse of NotAphid.
There is an ornate altar of the Wu Jian Council here.
You see here a +0 mace.
You see here a +0 hunting sling.
There is an open door here.
You open the door.
A slime creature comes into view.
Found a viscous altar of Jiyva and a corrupted altar of Lugonu.
Found a burning altar of Makhleb and a shimmering altar of Xom.
There is an open door here.
You pounce on the unaware helpless slime creature!
You eviscerate the slime creature!!!
The slime creature is almost dead.
The slime creature hits you!
You die...

###################
#<.#..'.)#.)'..#__#
#..').#..'..#..'@J+
#..#####'#####'#__#
#..####..#...#)####
#..#__####..##)#
#..#_____##'#_.+
#⌠⌠#_.∩...'..._#
####_..__##_†#'#
#_____###'#.#
#########.###


You could see a slime creature.

Vanquished Creatures
  Sigmund (D)
  A yak (D)
  A basilisk (D)
  An ogre (D)
  A jelly (D)
  Ijyb (D)
6 creatures vanquished.

Vanquished Creatures (others)
  2 ballistomycete spores (D)
2 creatures vanquished.

Grand Total: 8 creatures vanquished

Notes
Turn   | Place    | Note
-------+----------+-------------------------------------------
     0 | D        | NotAphid the Felid Warper began the quest for the Orb.
     0 | D        | Reached XP level 1. HP: 9/9 MP: 4/4
     1 | D        | Noticed Ijyb
     7 | D        | Killed Ijyb
     8 | D        | Reached skill level 4 in Unarmed Combat
     8 | D        | Reached XP level 2. HP: 14/14 MP: 6/6
    12 | D        | Noticed an ogre
    17 | D        | Killed an ogre
    18 | D        | Reached skill level 6 in Unarmed Combat
    18 | D        | Reached XP level 3. HP: 19/19 MP: 7/7
    18 | D        | Reached XP level 4. HP: 22/22 MP: 8/8
    20 | D        | Noticed Sigmund
    31 | D        | Killed Sigmund
    32 | D        | Reached skill level 8 in Unarmed Combat
    32 | D        | Reached XP level 5. HP: 24/28 MP: 9/9
    60 | D        | Found an ornate altar of the Wu Jian Council.
    60 | D        | Found a shimmering blue altar of Sif Muna.
    67 | D        | Found a radiant altar of Vehumet.
    74 | D        | Reached skill level 9 in Unarmed Combat
    74 | D        | Gained mutation: You are covered in thick fur. (AC +2)
                  | [Felid growth]
    74 | D        | Reached XP level 6. HP: 23/31 MP: 10/10
    99 | D        | Found Dofet's Antique Weapon Emporium.
    99 | D        | Found an ancient bone altar of Kikubaaqudgha.
    99 | D        | Found a hazy altar of Hepliaklqana.
    99 | D        | Found a stormy altar of Qazlal.
    99 | D        | Found a hide-covered altar of Uskayaw.
    99 | D        | Found a blossoming altar of Fedhas.
    99 | D        | Found a bloodstained altar of Trog.
    99 | D        | Found an iron altar of Okawaru.
    99 | D        | Found a basalt altar of Yredelemnul.
    99 | D        | Found a glowing golden altar of the Shining One.
    99 | D        | Found a snail-covered altar of Cheibriados.
    99 | D        | Found a sacrificial altar of Ru.
    99 | D        | Found a glowing silver altar of Zin.
    99 | D        | Found a shadowy altar of Dithmenos.
    99 | D        | Found a white marble altar of Elyvilon.
    99 | D        | Noticed a yak
   100 | D        | Found an opulent altar of Gozag.
   105 | D        | Killed a yak
   106 | D        | Reached skill level 10 in Unarmed Combat
   106 | D        | Found a sparkling altar of Nemelex Xobeh.
   112 | D        | Became a worshipper of Dithmenos the Shadowed
   121 | D        | Noticed Sonja
   129 | D        | Noticed Sonja
   129 | D        | Sonja changed into Sonja the basilisk
   134 | D        | Slain by Sonja the basilisk
   135 | D        | Reached XP level 5. HP: -2/28 MP: 9/9
   152 | D        | Killed Sonja the basilisk
   153 | D        | Reached XP level 6. HP: 13/31 MP: 10/10
   215 | D        | Found a viscous altar of Jiyva.
   215 | D        | Found a corrupted altar of Lugonu.
   215 | D        | Noticed a slime creature
   216 | D        | Found a burning altar of Makhleb.
   216 | D        | Found a shimmering altar of Xom.
   218 | D        | Slain by a slime creature

Illustrated notes

Levels and vault maps discovered:
D:        dungeon_sprint_1 [red_sonja_temple_1, red_sonja_temple_small_1]

Skill      XL: |  1  2  3  4  5  6 |
---------------+-------------------+-----
Fighting       | 3 4 6 |  6.6
Dodging        | 4 6 8 |  8.9
Unarmed Combat | 4 6 8 9 10 | 10.4
Stealth        | 9 7 |  9.9
Spellcasting   | |  2.0
Translocations | |  4.4

Action                   |  1- 3 |  4- 6 || total
-------------------------+-------+-------++-------
Melee: Unarmed           |     9 |    24 ||    33
       Bite              |       |     4 ||     4
       Punch             |       |     1 ||     1
Evoke: Wand              |       |     2 ||     2
  Use: Potion            |       |     2 ||     2
 Stab: Confused          |     1 |       ||     1
       Sleeping          |       |     2 ||     2
Armor: Skin              |     2 |     1 ||     3
Dodge: Dodged            |     3 |    24 ||    27

Table legend: (Time is in decaauts)
 A = Elapsed time spent in this place.
 B = Non-inter-level travel time spent in this place.
 C = Inter-level travel time spent in this place.
 D = Time resting spent in this place.
 E = Time spent auto-exploring this place.
 F = Levels seen in this place.
 G = Mean time per level.
                   A        B        C        D        E       F      G
               +--------+--------+--------+--------+--------+-----+--------+
         Total |    194 |    194 |      0 |      0 |      0 |   1 |  194.0 |
       Dungeon |    194 |    194 |      0 |      0 |      0 |   1 |  194.0 |
               +--------+--------+--------+--------+--------+-----+--------+

Top non-repeatable levels by time:
       D: 194 daAuts
